 Dungeon Crawl Stone Soup version 0.21-a0-151-ga4fe563 (webtiles) character file.

34 Charly the Scratcher (level 3, 1/16 HPs)
             Began as a Felid Transmuter on July 30, 2017.
             Quit the game on level 3 of the Dungeon.
             The game lasted 00:05:18 (535 turns).

Charly the Scratcher (Felid Transmuter)              Turns: 535, Time: 00:05:18

Health: 1/16       AC:  1    Str:  6    XL:     3   Next: 14%
Magic:  3/7        EV: 18    Int: 15    God:
Gold:   77         SH:  0    Dex: 16    Spells: 0/6 levels left
                                        Lives:  0   Deaths: 0

rFire    . . .     SeeInvis +     - Unarmed
rCold    . . .     Gourm    .   (shield unavailable)
rNeg     . . .     Faith    .   (armour unavailable)
rPois    .         Spirit   .   (helmet unavailable)
rElec    .         Reflect  .   (cloak unavailable)
rCorr    .         Harm     .   (gloves unavailable)
MR       .....                  (boots unavailable)
Stlth    ++........             (no amulet)
HPRegen  0.05/turn              (no ring)
MPRegen  0.10/turn              (no ring)

@: quick
A: no armour, no weapons or thrown items, stealth, claws 1, fangs 3, see
invisible, carnivore 3, speed 1, shaggy fur 1, slow metabolism 1, sharp paws
a: no special abilities


You were on level 3 of the Dungeon.
You were not hungry.

You visited 1 branch of the dungeon, and saw 3 of its levels.

You collected 77 gold pieces.

Inventory:

Missiles
 a - 10 arrows
Scrolls
 d - 4 scrolls of remove curse {unknown}
 e - 2 scrolls of amnesia {unknown}
 f - 2 scrolls of teleportation {unknown}
 g - 2 scrolls of identify {unknown}
 h - 2 scrolls of fear {unknown}
 l - a scroll of random uselessness {unknown}
 m - a scroll of enchant weapon {unknown}
 o - 2 scrolls of enchant armour {unknown}
Potions
 i - a potion of haste {unknown}
 j - 2 potions of heal wounds {unknown}
 k - a potion of ambrosia {unknown}
 n - 3 potions of lignification {unknown}
 p - a potion of flight {unknown}
Books
 b - a book of Changes

   Spells                             Type                      Level
   a - Beastly Appendage              Transmutation                1
   b - Sticks to Snakes               Transmutation                2
   c - Spider Form                    Transmutation/Poison         3
   d - Ice Form                       Ice/Transmutation            4
   e - Blade Hands                    Transmutation                5
Comestibles
 c - a meat ration


   Skills:
 - Level 2.1 Fighting
 - Level 2.6 Dodging
 - Level 3.6 Unarmed Combat
 - Level 2.0 Spellcasting
 + Level 2.2 Transmutations
 + Level 0.3 Poison Magic


You couldn't memorise any spells.
You knew the following spells:

 Your Spells              Type           Power        Failure   Level  Hunger
a - Beastly Appendage     Tmut           #.....       9%          1    #......
s - Sticks to Snakes      Tmut           #.......     13%         2    ###....
S - Spider Form           Tmut/Pois      #.........   36%         3    ###....


Dungeon Overview and Level Annotations

Branches:
Dungeon (3/15)

Altars:
Qazlal

Annotations:
D:2 Robin


Innate Abilities, Weirdness & Mutations

You cannot wear armour.
You are incapable of wielding weapons or throwing items.
Your paws allow you to move quietly. (Stealth)
You have sharp claws.
You have razor-sharp teeth.
You have supernaturally acute eyesight. (SInv)
You are carnivorous and can eat meat at any time.
You cover ground quickly.
You are covered in fur. (AC +1)
You have a slow metabolism.
Your sharp claws are effective at attacking unaware monsters.


Message History

An orc comes into view. It is wielding a mace.
The bat completely misses you. The orc misses you. The bat misses you.
A hobgoblin comes into view. It is wielding a club.
The bat closely misses you.
The orc wizard hits you but does no damage.
The bat hits you.
* * * LOW HITPOINT WARNING * * *
The bat hits you but does no damage.
Your magical contamination has completely faded away.
The bat misses you. The bat completely misses you.
The hobgoblin shouts!
The bat completely misses you.
Found an escape hatch in the floor.
The bat barely misses you. The bat misses you.
Found a stormy altar of Qazlal.
The orc wizard gestures wildly while chanting.
The orc wizard flickers and vanishes for a moment.
Found 21 sling bullets.
Are you sure you want to abandon this character and quit the game? (Confirm with "yes".)

............#
............#
............#
........o...#
........o...########
...................
............#####.###
...........o#####...#
...........g.o.b@...#
............o..s....#
.............≈≈≈.......(
.........###§##≈....###
.......≈§§≈§≈≈.....#
....≈≈ #≈⌠§≈§§....# #.#≈
#≈._§#.....# .g# ..
≈≈≈≈≈#≈....# ###


You could see 3 orcs, a giant cockroach, a hobgoblin and a bat.

Vanquished Creatures
  A leopard gecko (D:3)
  3 bats (D:2)
  3 giant cockroaches
  2 hobgoblins
  4 jackals (D:1)
  A frilled lizard (D:1)
  5 kobolds
  5 rats
24 creatures vanquished.

Vanquished Creatures (collateral kills)
  An adder (D:2)
  A kobold (D:2)
  A frilled lizard (D:2)
3 creatures vanquished.

Grand Total: 27 creatures vanquished

Notes
Turn   | Place    | Note
-------+----------+-------------------------------------------
     0 | D:1      | Charly the Felid Transmuter began the quest for the Orb.
     0 | D:1      | Reached XP level 1. HP: 9/9 MP: 4/4
   156 | D:1      | Reached XP level 2. HP: 7/12 MP: 4/6
   180 | D:1      | Learned a level 2 spell: Sticks to Snakes
   378 | D:2      | Noticed Robin
   426 | D:2      | Reached XP level 3. HP: 5/16 MP: 4/7
   431 | D:2      | Learned a level 3 spell: Spider Form
   529 | D:3      | Found a stormy altar of Qazlal.
   535 | D:3      | Quit the game

Vault maps used:
D:1:      dpeg_arrival_arbitrary_b, minmay_pentomino_w2
D:2:      uniq_robin
D:3:      nicolae_qazlal_general_emergency, first_bread

Skill      XL: |  1  2 |
---------------+-------+-----
Fighting       | 2 |  2.1
Dodging        | |  2.6
Unarmed Combat | |  3.6
Spellcasting   | |  2.0
Transmutations | |  2.2
Poison Magic   | |  0.3

Action                   || total
-------------------------++-------
Melee: Unarmed           ||    68
       Headbutt          ||     5
 Cast: Beastly Appendage ||     8
       Sticks to Snakes  ||     2
       Spider Form       ||     2
Armor: Skin              ||     4
Dodge: Dodged            ||    55
